[Event "34th Pula Open 2022"]
[Site "Pula"]
[Date "2022.06.20"]
[Round "4.2"]
[White "Popovic, Milan S"]
[Black "Starcevic, Ante Leon"]
[Result "1-0"]
[ECO "B06"]
[WhiteElo "2383"]
[BlackElo "2227"]
[Annotator "TA"]
[PlyCount "159"]
[EventDate "2022.06.18"]
[EventType "swiss"]
[EventCountry "CRO"]
[SourceTitle "playchess.com"]
[Source "ChessBase"]
[SourceQuality "1"]
[TimeControl "5400+30"]

1. e4 c5 2. Nf3 g6 3. c3 d5 4. exd5 Qxd5 5. d4 Bg7 6. Na3 cxd4 7. Nb5 {[%emt 0:00:37] B06: Modern Defence.} Na6 {[%emt 0:06:28] Prevents Nc7+.} 8. Nbxd4 {[%emt 0:01:00] Active counter play!} Nf6 9. Bb5+ {[%emt 0:00:16] The position is equal.} Bd7 10. Bxa6 bxa6 11. O-O O-O 12. Re1 e6 13. Ne5 {[%emt 0:24:39] [#]} Be8 $146 ({Predecessor:} 13... Rfd8 14. h3 Be8 15. Qe2 Qb7 16. Bg5 h6 17. Bf4 Rac8 18. Rad1 a5 19. Rd2 a4 {½-½ (26) Feuerstack,A (2459)-Zwirs,N (2443) Amsterdam 2020}) 14. c4 Qc5 15. Ndf3 $1 {[%emt 0:13:17] Pair of Knights!} a5 16. b3 Nd7 $2 17. Nxd7 $18 Bxd7 {[%emt 0:00:07] [#]} 18. Qxd7 $1 Rfd8 (18... Bxa1 19. Be3) 19. Be3 Qa3 $2 (19... Rxd7 20. Bxc5 Bxa1) 20. Qc6 $2 Rac8 $2 (20... Bxa1 $16 {is tougher.} 21. Rxa1 Qxa2 22. Qe8+ Kg7) 21. Qe4 Bxa1 22. Rxa1 Qxa2 $2 (22... a4 23. Qe5 Qd6) 23. Bd4 (23. Qe5 $142 Qe2 24. h3 (24. Qxa5 Rd1+ 25. Rxd1 Qxd1+ 26. Ne1 Qxb3 $16) (24. Bxa7 Qxe5 25. Nxe5 f6 $16) 24... Rd1+ 25. Kh2 Rxa1 26. Qf6 Rh1+ 27. Kg3 Qxe3 28. fxe3) 23... Qxb3 24. Qe5 Rxd4 25. Qxd4 Rxc4 (25... Qxc4 $16 26. Qd2 Rc5) 26. Qd8+ ({Don't take} 26. Qxa7 Qc3 27. Rd1 Rc7 28. Qa8+ Rc8) 26... Kg7 27. Qxa5 Qb2 28. Qe5+ Qxe5 29. Nxe5 {[%emt 0:00:01][%mdl 4096] Endgame KRN-KR} Rc7 30. Kf1 Kf6 31. Ra5 g5 32. Nf3 g4 33. Ne5 h5 34. Nd3 h4 35. Rh5 Rc2 (35... h3 $142 36. gxh3 Rc3) 36. Rxh4 Kg5 37. Rh8 Rd2 (37... Kf5 {might work better.} 38. h4 gxh3 39. Rxh3 Kf6) 38. Rg8+ Kf5 39. Ne1 a5 40. h4 gxh3 41. gxh3 a4 42. Rg3 (42. Ra8 $18) 42... Ra2 (42... Rb2 $16 {keeps fighting.} 43. Rf3+ Kg6) 43. h4 ({Don't play} 43. Rf3+ Kg6 44. Rc3 Kg5) 43... a3 $2 (43... Rb2 {was worth a try.} 44. h5 (44. Ra3 Rb4 $18) 44... Rb3) 44. h5 {[%emt 0:00:50] Hoping for h6.} Ra1 45. Ke2 (45. Rf3+ $142 Kg5 46. Rxf7) 45... a2 {[%emt 0:00:29][%cal Oa1e1] aiming for ...Rxe1+!} 46. Ra3 $1 Kg5 47. Ra5+ $1 f5 $2 (47... Kf6 48. Kd2 Kg7) 48. Nc2 Rh1 49. Rxa2 Rxh5 50. Ra5 Rh4 51. Ne3 Kf6 52. Ra6 Ke5 53. Ra5+ Kf6 54. Ra6 Ke5 $1 55. Kf3 Rb4 56. Ra5+ Kd6 57. Ra6+ Ke5 58. Ng2 Rb3+ 59. Ke2 $1 Rb2+ 60. Kf1 $1 Rb1+ 61. Ne1 $1 Kd5 62. Ke2 {[%emt 0:00:25] Strongly threatening Nd3.} Rb2+ 63. Ke3 Rb3+ $2 (63... f4+ {was called for.} 64. Kf3 e5 65. Ra5+ Kd4 66. Ra4+ Kd5) 64. Nd3 {[%emt 0:00:48] White is clearly winning.} e5 (64... Rc3 $142 65. f3 Rb3 66. Ra5+ Kd6) 65. Ra5+ Kd6 66. Ke2 e4 67. Nf4 Rb2+ {[%emt 0:00:48] [#]} 68. Kf1 $1 Rb1+ 69. Kg2 Rb2 70. Rd5+ Kc6 71. Kf1 Rb1+ {[%emt 0:01:11] [#]} 72. Ke2 $1 Rb2+ 73. Rd2 Rb3 (73... Rb1 $142 74. Ne6 Kb7) 74. Ne6 {[%emt 0:00:02] Threatening mate with Nd4+.} Rh3 75. Nd4+ Kd5 76. Nxf5+ Ke5 77. Ne3 Rh1 78. Rd5+ Ke6 79. Ra5 Rb1 80. Nc4 {[%emt 0:00:23] Weighted Error Value: White=0.42/Black=0.38} 1-0

[Event "34th Pula Open 2022"]
[Site "Pula"]
[Date "2022.06.20"]
[Round "4.3"]
[White "Babic, Drasko"]
[Black "Bochnicka, Vladimir"]
[Result "1/2-1/2"]
[ECO "A37"]
[WhiteElo "2205"]
[BlackElo "2267"]
[Annotator "TA"]
[PlyCount "110"]
[EventDate "2022.06.18"]
[EventType "swiss"]
[EventCountry "CRO"]
[SourceTitle "playchess.com"]
[Source "ChessBase"]
[SourceQuality "1"]
[TimeControl "5400+30"]

1. Nf3 c5 2. g3 g6 3. Bg2 Bg7 4. c4 Nc6 5. Nc3 d6 6. O-O e5 7. Rb1 Nge7 8. a3 a5 9. Ne1 Be6 10. d3 O-O 11. Nc2 d5 12. cxd5 Nxd5 13. Ne4 Qe7 {[%emt 0:04:21] A37: Symmetrical English vs ...g6: 4 Bg2 Bg7 5 Nf3.} (13... b6 $15) 14. Ng5 $11 Rfd8 15. Nxe6 Qxe6 16. Bg5 f6 17. Bd2 {[%emt 0:00:29] [#]} b5 $146 ({Predecessor:} 17... Bf8 18. b3 Rac8 19. Qe1 b6 20. Ne3 Nxe3 21. fxe3 Bh6 22. Qc1 Rd6 23. Qc4 Rcd8 {1-0 (63) Armbruster,A (2318)-Topp,M (2096) Germany 2014}) 18. e3 (18. a4 $14) 18... Rac8 19. Qe2 Kh8 20. Rfd1 b4 21. Rdc1 f5 22. Ne1 Qd6 23. Rd1 Nb6 24. Rbc1 Na7 ({But not} 24... e4 25. dxe4 fxe4 26. Bxb4 $1 $16 ) 25. axb4 cxb4 (25... axb4 $11 26. Ra1 Nc6) 26. b3 (26. d4 $16) 26... Nb5 27. d4 Nc3 28. Bxc3 bxc3 29. dxe5 Qxe5 30. Qa6 Rxd1 31. Rxd1 Qc5 32. Nc2 h5 33. h4 Re8 34. Bf3 Kh7 $1 35. Kg2 Re7 36. Qe2 a4 37. bxa4 Ra7 {[%emt 0:01:31] [#] Against Qa6} (37... Nxa4 $11 38. Rd5 Qb6) 38. Rd8 (38. Bxh5 $1 $16 gxh5 39. Qxh5+ Bh6 40. e4) 38... Qc7 39. Re8 {[%emt 0:15:37] Strongly threatening Re6.} Rxa4 (39... Nxa4 $11 {remains equal.} 40. Bd5 Nc5) 40. Qb5 $16 {[%emt 0:00:55] Hoping for Re6.} Ra2 (40... Qd7 $142 41. Qxd7 Nxd7) 41. Qb3 Qc4 {[%emt 0:00:05] Against Qg8+} (41... Rxc2 $16 {might work better.} 42. Qxc2 Nc4) 42. Qxc4 $2 {[%emt 0:05:20] The board is on fire.} ({White must play} 42. Qxb6 $18 Rb2 43. Qa7 $1 (43. Na3 $2 Qa2 $19) 43... Rxc2 44. Re7) 42... Nxc4 $11 43. Rc8 $2 {[%emt 0:00:03][%mdl 8192] [#]} (43. Bd5 $11) 43... Nd6 $2 ({Not} 43... Rxc2 44. Rxc4 Kh6 45. Rc6 $11) (43... Nb6 $1 $19 44. Rc6 Rxc2 45. Rxb6 Rd2) 44. Rc6 $15 Rxc2 45. Rxd6 {[%emt 0:00:07][%mdl 4096] Endgame KRB-KRB} Ra2 (45... Rb2 $17 {aiming for ...Bf8.} 46. Rc6 c2) 46. Rc6 $11 {[%emt 0:01:25] The position is equal.} Rd2 {[%emt 0:00:25] And now ...c2 would win.} 47. Kf1 $1 Rb2 48. Bd1 {[%emt 0:00:51] Inhibits c2.} Rb1 49. Ke2 Rb2+ 50. Ke1 Bf8 51. Rc7+ Kh6 52. Kf1 Bb4 53. Ba4 Ba5 54. Rc5 Bb4 55. Rc7 Ba5 {[%emt 0:00:27] Weighted Error Value: White=0.29 (precise) /Black=0.33} 1/2-1/2

[Event "34th Pula Open 2022"]
[Site "Pula"]
[Date "2022.06.20"]
[Round "4.5"]
[White "Nikcevic, Nebojsa"]
[Black "Rohacek, Miroslav"]
[Result "1-0"]
[ECO "A28"]
[WhiteElo "2387"]
[BlackElo "2188"]
[Annotator "TA"]
[PlyCount "83"]
[EventDate "2022.06.18"]
[EventType "swiss"]
[EventCountry "CRO"]
[SourceTitle "playchess.com"]
[Source "ChessBase"]
[SourceQuality "1"]
[TimeControl "5400+30"]

1. c4 e5 2. Nc3 Nf6 3. Nf3 Nc6 4. e3 Bb4 5. Qc2 Bxc3 6. Qxc3 Qe7 7. d4 $1 {[%emt 0:04:25][%mdl 4] is recently more successful than 7.a3. A28: English Opening: Four Knights Variation.} e4 8. Nd2 d5 9. a3 {[%emt 0:03:25] The position is equal.} a5 {[%emt 0:05:51] [#] Prevents b4.} 10. cxd5 $146 ({Predecessor:} 10. b3 O-O 11. h3 h5 12. Be2 Rd8 13. Bb2 Be6 14. Qc2 Qd7 15. Bc3 Ne7 16. b4 axb4 17. Bxb4 {1-0 (66) Martirosyan,H (2633)-Svane,R (2637) Chess.com INT 2022}) 10... Nxd5 11. Qc2 f5 12. Bb5 Bd7 13. Nb3 O-O 14. Bc4 Qd6 15. Nc5 Bc8 16. O-O b6 17. Na4 Be6 18. Bd2 Nce7 19. Rfc1 Rf6 20. g3 (20. b4 {is more complex.} axb4 21. axb4 Rh6 22. g3) 20... Raf8 21. b4 $1 axb4 22. Bxb4 Nxb4 23. axb4 Qxb4 {[%emt 0:03:44] White leaves nothing to chance now.} 24. Bxe6+ Rxe6 25. Rab1 Qa5 26. Qb3 Rff6 (26... Nd5 $2 27. Nc5 $1 bxc5 28. Qxd5 $18) (26... Qd5 $16) 27. Rxc7 Nd5 (27... Qd5 28. Qb5 Qxb5 29. Rxb5 Kf8) 28. Rc8+ $18 (28. Rd7 Rd6 29. Rc7 h5 $16) 28... Kf7 (28... Rf8 $2 29. Rxf8+ Kxf8 {[#]} 30. Nc5 $1 $18 ) 29. Nc5 ({Stronger than} 29. Qa3 b5 30. Rf8+ (30. Qc5 Ne7 $11) 30... Kg6 31. Rxf6+ Rxf6 $14) 29... Ne7 (29... bxc5 30. Qxd5 Kg6 31. dxc5 (31. Rxc5 Qa6 $18) 31... Ra6) 30. Nxe6 {[%emt 0:04:26] Intending Nf4+ and mate.} Nxc8 31. Nc7+ Kg6 $2 (31... Kf8 32. Ne6+ Kf7) 32. Nd5 Rf8 33. Nf4+ Kh6 34. Qe6+ g6 35. h4 (35. h3 $142 {Rc1 is the strong threat.} Qa7 36. Qe5) 35... Qa4 $2 (35... Qa3 36. h5 Qe7 37. Rxb6 (37. hxg6 Qxe6 38. Nxe6 Rg8 $18) 37... Qxe6 38. Rxe6 Kg7 39. hxg6 hxg6 40. Rxg6+ Kf7) 36. h5 (36. g4 fxg4 37. Qxg4 Rf5 $18) 36... Qe8 37. hxg6 {[%emt 0:00:30] Threatens to win with Kg2.} hxg6 $2 (37... Qxe6 38. Nxe6 Rg8) 38. Kg2 Kg7 39. Rc1 {[%emt 0:00:30][%cal Oc1c8] Strongly threatening Rxc8!} ({Weaker is} 39. Rh1 Rh8 40. g4 fxg4 $16) 39... Rg8 40. Rc7+ {[%emt 0:00:30] White mates.} Kh6 41. Qf6 Qf8 42. Qh4# {[%emt 0:00:30] Weighted Error Value: White=0.36/Black=0.55} 1-0

[Event "34th Pula Open 2022"]
[Site "Pula"]
[Date "2022.06.20"]
[Round "4.6"]
[White "Maki-Uuro, Miikka"]
[Black "Kolesar, Milan"]
[Result "1-0"]
[ECO "D15"]
[WhiteElo "2332"]
[BlackElo "2169"]
[Annotator "TA"]
[PlyCount "71"]
[EventDate "2022.06.18"]
[EventType "swiss"]
[EventCountry "CRO"]
[SourceTitle "playchess.com"]
[Source "ChessBase"]
[SourceQuality "1"]
[TimeControl "5400+30"]

1. d4 d5 2. c4 c6 3. Nf3 Nf6 4. Nc3 dxc4 5. Ne5 Be6 6. e4 {[%emt 0:00:56] D15: Slav Defence: 4 Nc3 a6 and gambit lines after 4 Nc3 dxc4.} Nbd7 (6... b5 $1 $11) 7. Nxc4 $14 {[%emt 0:14:12] White is more active.} ({Much worse is} 7. Bxc4 Bxc4 8. Nxc4 b5 $11) 7... Nb6 {[%emt 0:02:26] [#]} 8. Ne3 $146 {[%emt 0:14:08] White is better.} ({Predecessor:} 8. Na5 Qc7 9. Be2 g6 10. O-O Bg7 11. Be3 Rd8 12. Rc1 O-O 13. f3 Ne8 14. Qd2 {0-1 (39) Karpik,T (2285)-Hanasz,W (2260) Porabka 1986}) 8... g6 9. Be2 Bg7 10. O-O O-O 11. Bf3 Rc8 12. Re1 Qc7 13. b3 Rfd8 14. Bb2 Qd7 (14... Nfd7 $11 {keeps the balance.}) 15. Qe2 h5 (15... Qxd4 $2 16. Ncd5 $1 Qc5 17. b4 $18) 16. h3 Ne8 (16... Qxd4 $2 17. Ncd5 $1 Qc5 18. b4 $18) 17. Rad1 Qc7 (17... Bxd4 $2 18. Na4 c5 19. Nxc5 $1 Bxc5 20. Rxd7 Rxd7 21. Rd1 $18) 18. Nc2 Rd7 (18... a5 $14) 19. Rd3 Rcd8 20. Red1 a5 21. Qe1 ({White should play} 21. g4 $16) 21... a4 22. Ne2 axb3 23. axb3 Nd6 $2 {[%emt 0:03:27] Black cannot hold the game after this.} ({Better is} 23... f6 $14) 24. Nf4 $18 Nb5 (24... Bc4 $142) 25. Nxe6 fxe6 26. Qe3 {[%emt 0:00:00] Strongly threatening e5.} Kh7 $2 (26... e5 27. Be2 Nxd4) 27. e5 Rf8 28. Be4 Bh6 {[%emt 0:04:01] [#]} 29. Bxg6+ $1 Kxg6 30. Qe4+ Kf7 31. Rf3+ Kg8 32. Qg6+ Bg7 33. Rxf8+ Kxf8 34. Rd3 {[%emt 0:00:00] White threatens Rf3+ and mate.} Bxe5 35. Bc1 ({Weaker is} 35. dxe5 Rxd3 36. Qxd3 Qd7 37. Qf3+ Kg7 $16) (35. Rf3+ $142 Bf4 36. d5 Nc3 37. Bxc3 e5 {[#]} 38. Rxf4+ $1 exf4 39. Qg7+ Ke8 40. Qg8#) 35... Bf4 {[%emt 0:05:29] [#]} 36. Rg3 $1 {[%emt 0:00:00][%mdl 512] Weighted Error Value: White=0.09 (flawless) /Black=0.74} 1-0

[Event "34th Pula Open 2022"]
[Site "Pula"]
[Date "2022.06.20"]
[Round "4.7"]
[White "Seres, Bela"]
[Black "Maier, Christian"]
[Result "1/2-1/2"]
[ECO "C87"]
[WhiteElo "2164"]
[BlackElo "2299"]
[Annotator "TA"]
[PlyCount "55"]
[EventDate "2022.06.18"]
[EventType "swiss"]
[EventCountry "CRO"]
[SourceTitle "playchess.com"]
[Source "ChessBase"]
[SourceQuality "1"]
[TimeControl "5400+30"]

1. e4 e5 2. Nf3 Nc6 3. Bb5 a6 4. Ba4 Nf6 5. O-O d6 6. Re1 Be7 7. c3 O-O 8. h3 {[%emt 0:00:29] 8.d4 deserves study.} Re8 {[%emt 0:02:45] C87: Closed Ruy Lopez: Steinitz-type lines after 6 Re1 d6.} 9. Bxc6 (9. d4 $14) 9... bxc6 $11 10. d4 exd4 11. cxd4 {[%emt 0:01:14] [#]} Nd7 $146 ({Predecessor:} 11... d5 12. e5 Ne4 13. a3 c5 14. Nc3 Bf5 15. Nxe4 Bxe4 16. dxc5 Bxc5 17. Be3 Bxe3 18. Rxe3 {½-½ (66) Salonika,S (1342)-Salimova,N Porto Carras 2010}) 12. Be3 Rb8 13. Qc2 Bb7 14. Nc3 c5 15. dxc5 Nxc5 16. Bxc5 dxc5 17. Rad1 Qc8 18. Nd5 Bxd5 19. Rxd5 Qe6 20. b3 Bd6 21. Qd3 Rbd8 22. e5 Be7 23. Rd1 h6 {[%emt 0:00:10] [#] Hoping for ...Rxd5.} 24. Qe4 Rxd5 25. Rxd5 Bf8 26. Qd3 {[%emt 0:01:18] White is more active.} g6 27. g4 (27. Qe4 $14 {is superior.}) 27... Rb8 28. Kg2 {[%emt 0:06:36] Weighted Error Value: White=0.11 (very precise) /Black=0.09 (flawless)} 1/2-1/2

[Event "34th Pula Open 2022"]
[Site "Pula"]
[Date "2022.06.20"]
[Round "4.8"]
[White "Balinski, Damian"]
[Black "Novosel, Lovro"]
[Result "1/2-1/2"]
[ECO "D38"]
[WhiteElo "2184"]
[BlackElo "2279"]
[Annotator "TA"]
[PlyCount "51"]
[EventDate "2022.06.18"]
[EventType "swiss"]
[EventCountry "CRO"]
[SourceTitle "playchess.com"]
[Source "ChessBase"]
[SourceQuality "1"]
[TimeControl "5400+30"]

1. d4 Nf6 2. c4 e6 3. Nc3 d5 4. Bg5 Bb4 5. Rc1 h6 6. Bxf6 Qxf6 7. cxd5 exd5 8. a3 Bxc3+ 9. Rxc3 c6 10. Nf3 O-O 11. e3 Re8 {[%emt 0:01:52] D38: Queen's Gambit Declined: Ragozin Defence (4 Nf3 Bb4).} 12. Be2 Nd7 13. O-O {[%emt 0:00:12] [#]} a6 $146 {[%emt 0:04:39] The position is equal.} ({Predecessor:} 13... b6 14. b4 a5 15. Qc2 Bb7 {½-½ (15) Horvath,C (2539)-Horvath,J (2548) Balatonlelle 2002}) 14. Qc2 Qd6 15. Bd3 Nf6 16. Ne5 Be6 17. b4 Rac8 18. Rb1 Ne4 19. Bxe4 dxe4 20. a4 ({But not} 20. Qxe4 f6 21. Ng6 Qd7 $15) 20... f5 21. Nc4 Qd8 22. Rc1 Kh7 23. Qb1 {[%emt 0:05:04] White is better.} Rf8 24. Ne5 Qd5 25. Rc5 Qd6 26. Nc4 {[%emt 0:15:01] Weighted Error Value: White=0.06 (flawless) /Black=0.10 (very precise)} 1/2-1/2

[Event "34th Pula Open 2022"]
[Site "Pula"]
[Date "2022.06.20"]
[Round "4.9"]
[White "Lim, Zhuo Ren"]
[Black "Berke, Ana"]
[Result "1-0"]
[ECO "A37"]
[WhiteElo "2290"]
[BlackElo "2150"]
[Annotator "TA"]
[PlyCount "130"]
[EventDate "2022.06.18"]
[EventType "swiss"]
[EventCountry "CRO"]
[SourceTitle "playchess.com"]
[Source "ChessBase"]
[SourceQuality "1"]
[TimeControl "5400+30"]

1. c4 c5 2. g3 Nc6 3. Bg2 e5 4. Nc3 g6 5. Nf3 Nge7 6. a3 a5 7. O-O d6 8. Ne1 Bg7 9. Nc2 O-O 10. d3 Rb8 11. Rb1 Be6 12. Ne3 {[%emt 0:00:42] A37: Symmetrical English vs ...g6: 4 Bg2 Bg7 5 Nf3.} Qd7 13. Ned5 Bh3 14. Bg5 (14. Nb6 $14 Qe6 15. Ne4 Bxg2 16. Ng5) 14... f6 {[%emt 0:03:47] aiming for ...Bxg2.} 15. Bd2 Bxg2 16. Kxg2 {[%emt 0:00:00] [#]} h6 $146 ({Predecessor:} 16... f5 17. b4 axb4 18. axb4 Nxd5 19. Nxd5 b5 20. cxb5 Rxb5 21. bxc5 Rxc5 22. Qb3 Kh8 {½-½ (96) Markelova,L (2119)-Voit,D (2390) Moscow 2018}) 17. Qa4 f5 18. Qb5 {[%emt 0:00:00] White is much more active. The black rooks are badly placed.} Qe6 19. Nxe7+ Qxe7 20. Nd5 {[%emt 0:00:00][%csl LRa5,LRe7] Against f4} Qe6 21. Bc3 f4 22. f3 (22. Bxa5 Nd4 23. Qb6 e4 $15) 22... h5 23. Rf2 g5 (23... fxg3 $11 {remains equal.} 24. hxg3 Ne7) 24. b4 $1 $16 axb4 25. axb4 cxb4 26. Nxb4 Nxb4 27. Bxb4 g4 28. Qd5 Qxd5 29. cxd5 Rf6 30. Rff1 gxf3+ 31. Rxf3 Rc8 {[%emt 0:00:49] Inhibits Rc1.} 32. Kf2 Rc2 33. Ba3 Ra2 (33... e4 $11 34. dxe4 fxg3+ 35. Kxg3 (35. hxg3 $2 Rxf3+ 36. Kxf3 Rc3+ 37. e3 Rxa3 $19) 35... Rg6+ 36. Kf4 Rxe2) 34. Bc1 $14 Rf7 (34... fxg3+ $14 35. hxg3 Ra5) 35. gxf4 $16 Rc7 36. fxe5 (36. Rg3 $142) 36... Rcc2 37. Re3 ({Much weaker is} 37. Rxb7 Rxe2+ 38. Kg3 Rxh2 $11) 37... Bxe5 {[%emt 0:01:54] Threatens to win with ...Bd4.} 38. Re4 {[%emt 0:00:00] Prevents Bd4+.} Rc7 39. h4 Rf7+ 40. Kg2 Ra5 41. Bg5 Rxd5 42. Reb4 Rd4 43. Rxd4 ({Not} 43. Rxb7 Rg4+ 44. Kh1 Rf2 45. Rb8+ Kf7 46. R1b7+ Ke6 47. Re7+ Kd5 48. Rb5+ Kc6 49. Rexe5 dxe5 50. Rxe5 Rgg2 $17) 43... Bxd4 {[%emt 0:00:04][%mdl 4096] Endgame KRB-KRB} 44. e3 Bg7 45. Rb6 Bf8 (45... d5 $142) 46. Bf4 (46. Rb5 $142) 46... Rd7 47. Kf3 Kf7 (47... Be7 $14) 48. Ke4 (48. Bg5 $16) 48... Ke6 {[%emt 0:00:23] [#]} (48... Be7 $1 $14) 49. d4 ({White should play} 49. Bg5 $1 $16) 49... Be7 $1 $14 50. d5+ Kf7 51. Kf5 (51. Bg3 $14) 51... Bxh4 $11 52. Rxd6 Rxd6 53. Bxd6 {[%emt 0:00:00] e4 is the strong threat. KB-KB} Be7 {[%emt 0:00:44] [#]} (53... b5 $11) 54. Bf4 $1 $16 b5 $2 (54... Bc5 $16) 55. d6 $18 Bd8 (55... Bf6 $18 56. e4 b4) 56. e4 b4 57. e5 b3 58. e6+ Ke8 59. Be5 (59. Bc1 $142 Kf8 60. d7 Kg7 61. Ke5 Bc7+ 62. Kd5 Kf6 63. Bb2+ Ke7 64. Bc1) 59... h4 60. Kg4 $2 (60. Bg7 $18 {Hoping for Kg4.} h3 61. d7+ Ke7 62. Bf6+ Kd6 63. Bxd8) 60... Be7 $1 $11 61. d7+ Kd8 62. Kf3 {[%emt 0:00:00] White threatens Kg4 and mate.} Bg5 63. Kg4 Be7 64. Kf4 {[%emt 0:00:00] Threatening mate with Kg4.} Bf8 $2 (64... h3 $11 65. Kg3 h2 66. Kxh2 Bg5) 65. Bc3 Bd6+ {[%emt 0:01:29] Weighted Error Value: White=0.22 (precise) /Black=0.62} 1-0

[Event "34th Pula Open 2022"]
[Site "Pula"]
[Date "2022.06.20"]
[Round "4.10"]
[White "Ragger, Anna-Christina"]
[Black "Milekic, Daniel"]
[Result "1/2-1/2"]
[ECO "B85"]
[WhiteElo "2141"]
[BlackElo "2280"]
[Annotator "TA"]
[PlyCount "62"]
[EventDate "2022.06.18"]
[EventType "swiss"]
[EventCountry "CRO"]
[SourceTitle "playchess.com"]
[Source "ChessBase"]
[SourceQuality "1"]
[TimeControl "5400+30"]

1. e4 c5 2. Nf3 d6 3. d4 cxd4 4. Nxd4 Nf6 5. Nc3 a6 6. Be2 e6 7. O-O Be7 8. f4 Qc7 9. Kh1 O-O 10. a4 Nc6 11. Be3 Re8 12. Qe1 Nd7 {[%emt 0:28:06] B85: Sicilian Scheveningen: 6 Be2 a6, lines with early Be3.} (12... Nxd4 $11 13. Bxd4 Bd7) 13. Qg3 $14 Bf6 14. Rad1 {[%emt 0:04:17] 0x0.001e6791cdc4dp-1022s more active pieces. The black rooks are badly placed.} Nb4 {[%emt 0:14:06] White is slightly better.} 15. Rd2 {[%emt 0:07:41] [#]} ({White should try} 15. f5 $16) 15... Nc5 $146 (15... d5 $14) ({Predecessor:} 15... b6 16. Bf3 Bb7 17. Rfd1 Nc5 18. Qf2 Rad8 19. Nde2 Nc6 20. g4 g6 21. Bg2 Bg7 {½-½ (43) Stoinev,M (2333)-Iotov,V (2254) Bankia 2003}) 16. Bf3 (16. e5 $142 $1 dxe5 17. Nf3 exf4 18. Bxf4) 16... Bd7 {[%emt 0:01:55] [#]} 17. Ra1 ({Better is} 17. Nde2 $1 $16) 17... Rad8 18. a5 g6 (18... e5 $11 19. fxe5 Bxe5) 19. h4 e5 (19... Kh8 $14 {is superior.}) 20. Nb3 (20. Nf5 $1 $16 {[%cal Rf5h6] Nh6+ is the strong threat.} Bxf5 21. exf5) 20... exf4 $11 21. Bxf4 Be5 22. h5 (22. Rad1 $11 Nxb3 23. Rxd6 (23. cxb3 Be6 $17) 23... Bxf4 24. Qxf4) 22... Nxb3 $1 $15 23. cxb3 Be6 $1 (23... Bxc3 $2 24. Bxd6 Qxd6 25. Qxd6 $18 (25. Rxd6 $2 {loses.} Be5 $17)) 24. Bxe5 dxe5 25. Nd5 {[%emt 0:00:36] [#]} Bxd5 (25... Nxd5 $1 $17 26. exd5 Bf5) 26. exd5 $11 Qd6 27. Ra4 Rc8 28. Be4 Nc6 29. hxg6 hxg6 {[%emt 0:00:08] [#]} 30. Bxg6 $1 fxg6 {[%emt 0:01:31] [#]} 31. dxc6 $1 Qxc6 {[%emt 0:00:53] Weighted Error Value: White=0.32/Black=0.29 (precise)} (31... Qxd2 {leads to mate.} 32. Qxg6+ Kf8 33. Qf6+ Kg8 34. Rg4+) 1/2-1/2

[Event "34th Pula Open 2022"]
[Site "Pula"]
[Date "2022.06.20"]
[Round "4.11"]
[White "Karlusic, Luka"]
[Black "Hadzovic, Amir"]
[Result "0-1"]
[ECO "E71"]
[WhiteElo "2054"]
[BlackElo "2270"]
[Annotator "TA"]
[PlyCount "58"]
[EventDate "2022.06.18"]
[EventType "swiss"]
[EventCountry "CRO"]
[SourceTitle "playchess.com"]
[Source "ChessBase"]
[SourceQuality "1"]
[TimeControl "5400+30"]

1. d4 Nf6 2. c4 g6 3. Nc3 Bg7 4. e4 d6 5. h3 O-O 6. Be3 Nfd7 {[%emt 0:00:14] [#] E71: King's Indian: 4 e4 d6 5 h3.} 7. Qd2 $146 ({Predecessor:} 7. Nf3 c5 8. Be2 cxd4 9. Nxd4 Nc6 10. O-O Re8 11. f4 Nc5 12. Nxc6 bxc6 13. e5 Nb7 14. Bf3 {1-0 (23) Wieczorek,O (2477)-Wang,Y (2433) Aracaju 2018}) 7... e5 8. d5 f5 {[%emt 0:00:43] The position is equal.} 9. exf5 gxf5 {[%emt 0:02:15] Threatens to win with ...f4.} 10. Bh6 ({White should try} 10. g3 $11) 10... Qf6 11. Bxg7 Qxg7 12. O-O-O Na6 13. f4 Nac5 14. g4 {[%emt 0:15:41] [#]} (14. fxe5 $11 {remains equal.} Nxe5 15. Nf3) 14... exf4 $1 $17 15. gxf5 {[%emt 0:03:54] [#]} (15. Qxf4 $17 h6 16. Qd4) 15... Ne5 $1 $19 ({Stronger than} 15... Rxf5 16. Nf3 Ne5 17. Rg1 $11) 16. b4 Na6 17. a3 Bxf5 18. Rh2 (18. h4 $142) 18... f3 19. Rh1 (19. Qd4 $142) 19... f2 20. Nge2 (20. Qd4 $142 fxg1=N 21. Rxg1) 20... Nd3+ 21. Kb1 Ndxb4+ 22. Kb2 Nd3+ 23. Ka2 Nac5 24. Rh2 a5 25. Rg2 Bg6 {[%emt 0:00:26] aiming for ...Rf3.} 26. Rxg6 hxg6 27. Ng3 Rf3 {[%emt 0:01:13] ( -> ...Nb4+)} 28. Nge4 Nxe4 29. Nxe4 {[%emt 0:00:05] [#]} Nb4+ $1 {[%emt 0:00:27] White got outplayed after the opening.  Weighted Error Value: White=0.83/Black=0.11 (very precise)} 0-1